 Dungeon Crawl Stone Soup version 0.28-a0-1286-g6bde065e89 (webtiles) character file.

Game seed: 2224191114827421360

8 Iscandelvey the Vexing (level 2, 21/21 HPs)
             Began as a Demonspawn Arcane Marksman on Dec 26, 2021.
             Quit the game on level 1 of the Dungeon.
             The game lasted 00:00:09 (164 turns).

Iscandelvey the Vexing (Demonspawn Arcane Marksman)  Turns: 164, Time: 00:00:09

Health: 21/21      AC:  2    Str: 10    XL:     2   Next: 0%
Magic:  3/3        EV: 12    Int: 14    God:
Gold:   0          SH:  0    Dex: 13    Spells: 2/3 levels left

rFire   . . .      SeeInvis .   a - +0 hunting sling
rCold   . . .      Faith    .   (no shield)
rNeg    . . .      Spirit   .   d - +0 robe
rPois   .          Reflect  .   (no helmet)
rElec   .          Harm     .   (no cloak)
rCorr   .          Rampage  .   (no gloves)
Will    .....                   (no boots)
Stlth   +.........              (no amulet)
HPRegen 0.07/turn               (no ring)
MPRegen 0.08/turn               (no ring)

@: no status effects
A: weakness stinger 1
a: no special abilities


You were on level 1 of the Dungeon.
You visited 1 branch of the dungeon, and saw 1 of its levels.

Inventory:

Hand Weapons
 a - a +0 hunting sling (weapon)
Missiles
 b - 6 stones
 c - 12 sling bullets (quivered ammo)
Armour
 d - a +0 robe (worn)
Potions
 e - a potion of flight {unknown}
 f - a potion of attraction {unknown}


   Skills:
 + Level 1.2 Fighting
 + Level 1.9 Slings
 + Level 1.9 Dodging
 + Level 1.2 Spellcasting
 + Level 3.1 Hexes


You had 2 spell levels left.
You knew the following spells:

 Your Spells              Type           Power      Damage    Failure   Level
a - Slow                  Hex            36%        N/A       7%          1

Your spell library contained the following spells:

 Spells                   Type           Power      Damage    Failure   Level
 Inner Flame              Hex/Fire       5%         N/A       38%         3
 Portal Projectile        Hex/Tloc       10%        N/A       38%         3
 Cause Fear               Hex            4%         N/A       56%         4


Dungeon Overview and Level Annotations

Branches:
Dungeon (1/15)

Altars:


Innate Abilities, Weirdness & Mutations

You have a small tail.


Message History

The stone hits you.
You shoot a sling bullet. The sling bullet hits the kobold!
You kill the kobold!
A rat comes into view.
You shoot a sling bullet.
The sling bullet closely misses the rat.
A rat is nearby!
You shoot a sling bullet. The sling bullet barely misses the rat.
You shoot a sling bullet. The sling bullet hits the rat!
You kill the rat!
c - 14 sling bullets (gained 1)
c - 15 sling bullets (gained 1);
b - 6 stones (gained 2)
Things that are here:
a +0 whip; a kobold corpse Key pressed, stopping explore.
No target in view!
c - 17 sling bullets (gained 2)
Found a chain mail.
f - a black potion No target in view!
An endoplasm comes into view.
You shoot a sling bullet.
The sling bullet hits the endoplasm but does no damage.
The endoplasm quivers.
An endoplasm is nearby!
You shoot a sling bullet.
The sling bullet barely misses the endoplasm.
You shoot a sling bullet. The sling bullet hits the endoplasm.
The endoplasm is severely wounded.
An endoplasm is nearby!
An endoplasm is nearby!
You shoot a sling bullet.
The sling bullet barely misses the endoplasm.
An endoplasm is nearby!
You shoot a sling bullet. The sling bullet hits the endoplasm.
You kill the endoplasm!
You have reached level 2!
Your demonic ancestry asserts itself...
You grow a small tail.
Are you sure you want to abandon this character and quit the game? (Confirm with "yes".)

###### ## #......
####.############......(
...#...##.....##.......(
....##........##....(...
..............##..(.....
...............#@.......
........................
..........#.............
......#.#.#####.........
......#.#....#..........
........####............
........####............
........................
......#.#..............


There were no monsters in sight!

Vanquished Creatures
  2 endoplasms (D:1)
  4 kobolds (D:1)
  A ball python (D:1)
  A rat (D:1)
8 creatures vanquished.

Notes
Turn   | Place    | Note
-------+----------+-------------------------------------------
     0 | D:1      | Iscandelvey the Demonspawn Arcane Marksman began the quest
                  | for the Orb.
     0 | D:1      | Reached XP level 1. HP: 15/15 MP: 2/2
   164 | D:1      | Gained mutation: You have a small tail. [demonic ancestry]
   164 | D:1      | Reached XP level 2. HP: 21/21 MP: 3/3
   164 | D:1      | Quit the game

Illustrated notes

Levels and vault maps discovered:
D:1:      lemuel_arrival_behind_the_door_small, layout_rooms,
          kennysheep_nondescript

Action                   || total
-------------------------++-------
 Fire: Hunting sling     ||    20
Armor: Robe              ||     2
Dodge: Dodged            ||     1

Table legend: (Time is in decaauts)
 A = Elapsed time spent in this place.
 B = Non-inter-level travel time spent in this place.
 C = Inter-level travel time spent in this place.
 D = Time resting spent in this place.
 E = Time spent auto-exploring this place.
 F = Levels seen in this place.
 G = Mean time per level.
                   A        B        C        D        E       F      G
               +--------+--------+--------+--------+--------+-----+--------+
         Total |    166 |    166 |      0 |      0 |    127 |   1 |  166.0 |
       Dungeon |    166 |    166 |      0 |      0 |    127 |   1 |  166.0 |
               +--------+--------+--------+--------+--------+-----+--------+

Top non-repeatable levels by time:
     D:1: 166 daAuts
